 Dungeon Crawl Stone Soup version 0.19.0-17-g07987d3 (webtiles) character file.

176 dracos369 the Slasher (level 5, 0/27 HPs)
             Began as a Spriggan Monk on Nov 11, 2016.
             Slain by Purgy (2 damage)
             ... on level 3 of the Dungeon.
             The game lasted 00:12:33 (3108 turns).

dracos369 the Slasher (Spriggan Monk)               Turns: 3108, Time: 00:12:33

Health: 0/27       AC:  4    Str:  8    XL:     5   Next: 30%
Magic:  6/6        EV: 19    Int: 12    God:
Gold:   114        SH:  6    Dex: 18    Spells: 0 memorised, 4 levels left

rFire  . . .     SeeInvis +     a - +0 falchion
rCold  . . .     Gourm    .     p - +0 robe
rNeg   . . .     Faith    .     i - +0 buckler {rPois}
rPois  +         Spirit   .     (helmet restricted)
rElec  .         Reflect  .     j - +1 cloak
rCorr  .         Harm     .     (gloves unavailable)
MR     .....                    (boots unavailable)
Stlth  ++........               m - amulet of magic regeneration
                                (no ring)
                                (no ring)

@: flying, very slightly contaminated, hasted, very quick
A: unfitting armour, see invisible, herbivore 3, speed 3, slow metabolism 2
a: no special abilities


You were on level 3 of the Dungeon.
You were hungry.

You visited 1 branch of the dungeon, and saw 6 of its levels.

You collected 114 gold pieces.

Inventory:

Hand Weapons
 a - a +0 falchion (weapon)
 b - a +0 dagger
Armour
 i - a +0 buckler of poison resistance (worn)
 j - a +1 cloak (worn)
 o - a +0 robe
 p - a +0 robe (worn)
Jewellery
 m - an amulet of magic regeneration (around neck)
Scrolls
 f - a scroll of amnesia
Potions
 g - 2 potions of ambrosia
Comestibles
 c - 4 bread rations
 l - 2 fruits


   Skills:
 - Level 2.4 Fighting
 + Level 4.8 Long Blades
 + Level 4.6 Dodging
 - Level 3.0 Stealth
 - Level 0.5 Shields


You had 4 spell levels left.
You didn't know any spells.

Dungeon Overview and Level Annotations

Branches:
Dungeon (6/15)
 Temple: D:4-7

Altars:
Ashenzari
Hepliaklqana
Makhleb
Xom

Annotations:
D:3 1 runed door, Asilar's ghost, amateur MiBe; Purgy
D:5 Monkaria's ghost, amateur FeTm
D:6 3 runed doors


Innate Abilities, Weirdness & Mutations

You are very small and have problems with some larger weapons.
You are too small for most types of armour.
You have supernaturally acute eyesight. (SInv)
You are a herbivore.
You cover ground extremely quickly.
You need consume almost no food.


Message History

Purgy bites you.
* * * LOW HITPOINT WARNING * * *
Purgy claws you but does no damage. Purgy claws you.
* * * LOW HITPOINT WARNING * * *
You closely miss Purgy.
Purgy is heavily wounded.
You barely miss Purgy.
Purgy is heavily wounded.
Purgy misses you.
You riposte.
You hit Purgy.
Purgy is heavily wounded.
Purgy closely misses you. Purgy barely misses you.
You hit Purgy.
Purgy is heavily wounded.
Purgy barely misses you. x2; Purgy misses you.
You hit Purgy.
Purgy is severely wounded.
Purgy bites you.
* * * LOW HITPOINT WARNING * * *
Purgy claws you but does no damage. Purgy claws you.
You die...

*,**,*,*######.##.###.....
*,**,*,*#....W......#.#..#
*,,,,,,*#.#####.....#....)
****,***#.# #...........
*,* #.# #.....####.# *,*
#.# #..........# *,* #W#
######.##### *,* #T# #.#
*,* #@# #.# **,* #.# #.#
*,,* #.# #.# *,** #.# #.#
*,* #.# #.# *,* #.# #.#
*,*####.## #.# *,*#.....#
#.# *,*#...).# #)#


You could see Purgy and Asilar's ghost.

Vanquished Creatures
  A hound (D:6)
  Terence (D:3)
  A worker ant (D:4)
  3 adders
  A dart slug (D:1)
  8 orcs
  4 giant cockroaches
  9 goblins
  6 hobgoblins
  3 jackals (D:2)
  5 quokkas
  4 bats
  A frilled lizard (D:3)
  5 kobolds
  8 rats
60 creatures vanquished.

Notes
Turn   | Place    | Note
-------+----------+-------------------------------------------
     0 | D:1      | dracos369 the Spriggan Monk began the quest for the Orb.
     0 | D:1      | Reached XP level 1. HP: 11/11 MP: 2/2
   613 | D:1      | Reached XP level 2. HP: 16/16 MP: 3/3
  1054 | D:2      | Reached XP level 3. HP: 18/19 MP: 4/4
  1298 | D:2      | Found a shimmering altar of Xom.
  1417 | D:3      | Found a shattered altar of Ashenzari.
  1418 | D:3      | Found a burning altar of Makhleb.
  1503 | D:3      | Noticed a phantom
  1915 | D:4      | Noticed an ogre
  1920 | D:4      | Reached XP level 4. HP: 23/23 MP: 5/5
  1951 | D:5      | Entered Level 5 of the Dungeon
  2010 | D:5      | Noticed Monkaria's ghost (amateur FeTm)
  2105 | D:6      | Found a runed gate.
  2105 | D:6      | Noticed a water moccasin
  2106 | D:6      | Noticed a soldier ant
  2106 | D:6      | Noticed a soldier ant
  2106 | D:6      | Noticed a water moccasin
  2107 | D:6      | Found a runed gate.
  2107 | D:6      | Found a runed gate.
  2107 | D:6      | Noticed a water moccasin
  2309 | D:3      | Noticed Purgy
  2434 | D:3      | Found a hazy altar of Hepliaklqana.
  2519 | D:3      | Found a runed door.
  2543 | D:3      | Reached XP level 5. HP: 27/27 MP: 6/6
  2574 | D:3      | Noticed Terence
  2604 | D:3      | Killed Terence
  3082 | D:3      | Noticed Asilar's ghost (amateur MiBe)
  3108 | D:3      | Slain by Purgy

Skill      XL: |  1  2  3 |
---------------+----------+-----
Long Blades    | 3 4 |  4.8
Fighting       | |  2.4
Dodging        | |  4.6
Stealth        | |  3.0
Shields        | |  0.5

Action                   |  1- 3 |  4- 6 || total
-------------------------+-------+-------++-------
Melee: Falchion          |   123 |   135 ||   258
       Dagger            |     2 |     2 ||     4
  Use: Potion            |       |     3 ||     3
       Scroll            |       |     5 ||     5
 Stab: Sleeping          |    10 |     2 ||    12
       Distracted        |       |     1 ||     1
Armor: Robe              |    10 |    21 ||    31
       Skin              |       |     1 ||     1
Dodge: Dodged            |   108 |   151 ||   259
Block: Buckler           |       |    33 ||    33
       Rpst.: Falchion   |    37 |    37 ||    74
